Map: Cyber Forest LE

Players

RlSky (RiSky)

  • Race: Zerg Zerg
  • League: Master
  • Spawn Location: 11:00

SouLeer - Winner!

  • Race: Zerg Zerg
  • League: Master
  • Spawn Location: 5:00

Event: HomeStory Cup XIX

VOD

Have the link to the VOD?

Description

Time

  • Played on: June 27, 2019, 12:44 p.m.
  • Length: 12:01

All games in this series

Show
View Real Time Build Order
Export as new Build Order

RlSky Zerg 

Build Orders: Pool First 

Get SALT Encoding   

  12  0:17  Spawning Pool  
  11  0:21  Drone  
  11  0:26  Drone  
  13  0:30  Drone  
  14  0:39  Overlord  
  14  1:03  Zergling x4  
  16  1:05  Zergling x2  
  17  1:15  Zergling x2  
  18  1:19  Hatchery  
  17  1:26  Zergling x2  
  18  1:34  Queen  
  18  1:38  Zergling x2  
  21  1:47  Overlord  
  21  1:59  Drone  
  22  2:09  Drone  
  23  2:22  Drone  
  24  2:30  Drone  
  24  2:31  Queen  
  24  2:32  Drone  
  27  2:42  Drone x2, Queen  
  30  2:53  Drone  
  30  2:54  Drone  
  32  3:01  Drone  
  32  3:02  Drone  
  32  3:04  Zergling x4  
  36  3:08  Spine Crawler  
  35  3:15  Drone  
  35  3:16  Overlord  
  35  3:19  Drone  
  35  3:23  Extractor  
  35  3:25  Extractor  
  32  3:30  Zergling x2  
  32  3:31  Zergling x2  
  31  3:45  Drone  
  31  3:55  Drone x3  
  31  3:56  Drone x6  
  38  4:03  Drone  
  38  4:04  Drone  
  40  4:14  Drone  
  41  4:20  Evolution Chamber  
  41  4:21  Drone  
  41  4:26  Drone x2  
  41  4:29  Roach Warren  
  42  4:34  Drone  
  42  4:35  Evolution Chamber  
  42  4:36  Drone  
  42  4:38  Lair  
  43  4:43  Overlord  
  44  4:56  Zerg Missile Weapons Level 1, Overlord  
  44  4:59  Overlord  
  44  5:01  Drone  
  44  5:05  Drone x5  
  50  5:08  Extractor  
  50  5:11  Drone  
  50  5:16  Drone  
  50  5:21  Drone x2  
  52  5:23  Drone x2  
  52  5:25  Drone  
  52  5:26  Overlord  
  52  5:27  Drone  
  57  5:37  Roach x2  
  57  5:42  Evolution Chamber  
  60  5:43  Roach  
  60  5:44  Glial Reconstitution  
  60  5:46  Roach  
  60  5:47  Extractor  
  63  5:50  Roach  
  63  5:51  Roach  
  63  5:53  Roach  
  63  5:54  Roach  
  68  6:03  Overseer  
  69  6:07  Overlord  
  69  6:09  Hatchery  
  68  6:14  Spire  
  68  6:16  Roach  
  68  6:17  Overlord x2  
  69  6:23  Roach x2  
  73  6:27  Roach  
  73  6:30  Roach  
  77  6:33  Roach  
  77  6:37  Evolution Chamber  
  77  6:39  Roach x3  
  85  6:44  Roach x2  
  88  6:48  Roach x2  
  88  6:49  Drone  
  89  6:54  Overlord  
  89  7:00  Hatchery  
  88  7:01  Roach x2  
  88  7:02  Roach, Ravager  
  88  7:04  Ravager  
  86  7:12  Overlord  
  86  7:20  Overlord  
  86  7:27  Mutalisk x4  
  94  7:33  Mutalisk  
  96  7:40  Drone x4  
  96  7:44  Mutalisk  
  100  7:49  Drone x2  
  104  7:54  Mutalisk  
  104  7:56  Drone x4  
  110  8:04  Roach x3  
  116  8:08  Roach  
  118  8:13  Roach x2  
  118  8:19  Roach  
  124  8:20  Roach x3  
  124  8:24  Overlord  
  124  8:25  Overlord  
  130  8:27  Overlord  
  123  8:36  Roach x4  
  110  8:43  Roach  
  110  8:46  Roach  
  94  8:49  Roach x4  
  94  8:52  Roach x2  
  96  8:57  Roach  
  83  9:09  Drone x2  
  84  9:10  Drone  
  84  9:13  Drone x2  
  85  9:20  Drone  
  86  9:26  Drone x3  
  89  9:37  Mutalisk  
  89  9:38  Mutalisk x2  
  93  9:43  Roach  
  80  10:01  Drone x3  
  80  10:03  Drone  
  80  10:05  Drone  
  80  10:06  Drone  
  86  10:10  Drone  
  87  10:18  Drone x2  
  89  10:24  Mutalisk x2  
  89  10:26  Drone  
  89  10:27  Drone  
  95  10:31  Mutalisk  
  97  10:37  Overlord  
  97  10:39  Drone x2  
  98  10:42  Drone  
  98  10:43  Drone x3  
  98  10:46  Extractor x2  
  98  10:47  Drone  
  100  10:51  Mutalisk  
  102  10:58  Drone  
  102  10:59  Roach x3  
  109  11:05  Roach x2  
  109  11:09  Roach x2  
  117  11:16  Roach  
  113  11:21  Roach  
  95  11:36  Hatchery  
Show
View Real Time Build Order
Export as new Build Order

SouLeer Zerg - Winner!

Build Orders: Pool First 

Get SALT Encoding   

  12  0:01  Drone  
  13  0:13  Overlord  
  13  0:17  Drone  
  14  0:31  Drone x2  
  16  0:41  Spawning Pool  
  15  0:44  Drone  
  15  0:49  Drone  
  17  0:52  Extractor  
  17  0:57  Drone  
  17  1:15  Hatchery  
  16  1:27  Zergling x2  
  16  1:28  Zergling x2  
  16  1:29  Zergling x2  
  19  1:39  Zergling x2  
  20  1:42  Queen  
  22  1:50  Overlord  
  22  2:00  Metabolic Boost  
  22  2:09  Zergling x2  
  22  2:11  Zergling x2  
  24  2:23  Zergling x2  
  24  2:28  Zergling x2  
  26  2:34  Zergling x2  
  26  2:42  Drone  
  26  2:51  Drone x3  
  28  2:53  Drone  
  28  2:58  Drone  
  31  3:05  Queen  
  33  3:10  Overlord  
  33  3:22  Drone x3  
  33  3:23  Overlord  
  36  3:29  Drone  
  36  3:30  Drone x2  
  39  3:35  Drone  
  37  3:41  Drone x2  
  36  3:57  Hatchery  
  36  3:58  Drone x2  
  36  4:04  Evolution Chamber  
  36  4:06  Zergling x6  
  36  4:08  Drone  
  39  4:14  Overlord  
  39  4:21  Drone x4  
  43  4:28  Overlord  
  43  4:30  Zerg Melee Weapons Level 1  
  43  4:38  Roach Warren  
  41  4:47  Drone  
  41  4:52  Drone x2  
  43  4:53  Drone x2  
  43  4:54  Zergling x8  
  43  4:58  Zergling x2  
  50  5:00  Zergling x2  
  50  5:01  Zergling x4  
  53  5:07  Zergling x2  
  53  5:08  Zergling x2  
  53  5:11  Zergling x2  
  56  5:17  Zergling x6  
  59  5:23  Zergling x6  
  61  5:30  Zergling x6  
  61  5:32  Queen  
  61  5:33  Zergling x6  
  69  5:41  Zergling x4  
  69  5:42  Zergling x2  
  72  5:49  Overlord  
  72  5:51  Roach  
  72  5:52  Overlord  
  71  5:58  Overlord  
  71  6:00  Roach  
  71  6:01  Overlord  
  71  6:03  Lair  
  73  6:08  Roach x4  
  73  6:11  Roach x2  
  85  6:15  Roach  
  87  6:19  Roach  
  89  6:29  Extractor  
  89  6:30  Drone x7  
  95  6:33  Extractor  
  95  6:35  Overlord  
  92  6:40  Drone x4  
  92  6:45  Drone x3  
  99  6:51  Extractor  
  99  6:53  Overlord  
  98  6:56  Zerg Missile Weapons Level 1  
  98  6:57  Overlord  
  98  7:01  Roach  
  95  7:03  Zergling x4  
  95  7:04  Zergling x6  
  95  7:06  Zergling x2  
  90  7:11  Extractor  
  90  7:12  Glial Reconstitution  
  90  7:15  Roach  
  91  7:18  Roach  
  91  7:19  Roach  
  91  7:20  Zergling x10  
  100  7:23  Roach  
  100  7:26  Roach x2  
  106  7:32  Roach x2  
  106  7:35  Overlord  
  106  7:36  Roach  
  112  7:38  Roach  
  112  7:41  Roach x3  
  122  7:44  Roach  
  122  7:47  Overlord  
  122  7:48  Roach  
  122  7:51  Roach  
  126  7:57  Roach x4  
  134  8:00  Roach  
  134  8:01  Overlord  
  134  8:03  Overlord  
  136  8:08  Zergling x6  
  136  8:11  Zergling x6  
  142  8:15  Zergling x4  
  142  8:18  Zergling x2  
  143  8:22  Zergling x2  
  143  8:25  Zergling x6  
  143  8:26  Zergling x2  
  144  8:32  Queen, Pneumatized Carapace  
  131  8:35  Zergling x4  
  116  8:41  Zergling x8  
  116  8:45  Zergling x6  
  109  8:49  Zergling x2  
  109  8:53  Zergling x2  
  109  8:54  Zergling x2  
  101  8:57  Zergling x2  
  92  9:04  Zergling x4  
  92  9:07  Zergling x2  
  76  9:16  Queen x2, Spore Crawler  
  76  9:18  Spore Crawler  
  76  9:19  Spore Crawler  
  76  9:20  Zergling x8  
  76  9:22  Spore Crawler  
  77  9:26  Zergling x6  
  77  9:29  Zergling x2  
  81  9:33  Zergling x4  
  81  9:34  Zergling x2  
  81  9:35  Zergling x2  
  80  9:39  Zergling x4  
  80  9:43  Zergling x4  
  84  9:49  Zergling x6  
  87  9:54  Zergling x4  
  87  9:57  Zergling x2  
  84  10:01  Zergling x2  
  84  10:02  Zergling x2  
  85  10:08  Zergling x8  
  87  10:16  Roach  
  87  10:17  Roach x2  
  92  10:23  Roach x2  
  92  10:25  Roach  
  98  10:28  Roach  
  98  10:34  Roach x2  
  104  10:38  Roach  
  104  10:39  Roach  
  104  10:41  Roach  
  109  10:46  Roach  
  109  10:49  Roach x2  
  115  10:54  Roach x2  
  118  11:00  Roach x2  
  122  11:05  Roach x2  
  122  11:10  Roach x2  
  128  11:15  Roach  
  128  11:18  Roach x2  
  113  11:26  Roach x3  
  113  11:32  Roach x2  
  119  11:36  Roach x2  
  123  11:42  Roach x2  
  123  11:43  Spore Crawler  
  126  11:47  Spore Crawler  
Tags
 
Add a new tag
Caveats
  • Supply blocks, unpowered buildings, or Contaminate may cause inaccurate times.
  • Supply counts are checked every 10 seconds.